 Dungeon Sprint DCSS version 0.27-a0-1188-g73eefd5def (webtiles) character file.

Game seed: 6832996691705183599

19112 mhtbhm the Sorcerer (level 12, -18/60 HPs)
             Began as a Deep Elf Earth Elementalist on May 20, 2021.
             Was the Champion of Vehumet.
             Killed from afar by a nagaraja (23 damage)
             ... with a poison arrow
             ... in the Dungeon (Sprint VII: "The Pits").
             The game lasted 00:08:20 (3132 turns).

mhtbhm the Sorcerer (Deep Elf Earth Elementalist)   Turns: 3132, Time: 00:08:21

Health: -18/60     AC:  8    Str:  5    XL:     12   Next: 33%
Magic:  9/43       EV: 18    Int: 26    God:    Vehumet [******]
Gold:   14         SH:  0    Dex: 15    Spells: 42/61 levels left

rFire    . . .     SeeInvis .   d - +2 rapier (venom)
rCold    . . .     Faith    .   (no shield)
rNeg     . . .     Spirit   .   c - +0 robe
rPois    .         Reflect  .   r - +0 helmet
rElec    .         Harm     .   (no cloak)
rCorr    .         Rampage  .   q - +0 pair of gloves
Will     +....     NoTele   +   (no boots)
Stlth    +++.......             (no amulet)
HPRegen  0.20/turn              C - +4 ring of protection
MPRegen  0.28/turn              m - +3 ring of evasion

@: lethally poisoned (-18 -> -64)
A: no striking features
a: Renounce Religion


You were in the Dungeon.
You worshipped Vehumet.
Vehumet was exalted by your worship.
You visited 1 branch You collected 14 gold pieces.

Inventory:

Hand Weapons
 d - a +2 rapier of venom (weapon)
Missiles
 b - 36 stones
Armour
 c - a +0 robe (worn)
 q - a +0 pair of gloves (worn)
 r - a +0 helmet (worn)
Jewellery
 m - a +3 ring of evasion (right hand)
 B - a ring of positive energy
 C - a +4 ring of protection (left hand)
 D - a ring of see invisible
Scrolls
 i - 3 scrolls of fog
 j - 5 scrolls of amnesia
 k - a scroll of summoning
 s - a scroll of identify
 t - 2 scrolls of blinking
 u - 2 scrolls of enchant armour
 w - 2 scrolls of enchant weapon
 x - a scroll of fear
 y - a scroll of magic mapping
 A - a scroll of silence
Potions
 a - 2 potions of invisibility
 e - 9 potions of heal wounds
 f - 2 potions of haste
 g - 3 potions of magic
 h - 5 potions of berserk rage
 l - 13 potions of curing
 o - a potion of brilliance
 p - 3 potions of mutation
 v - a potion of might


   Skills:
 + Level 1.1 Fighting
 + Level 6.9 Dodging
 + Level 6.8 Stealth
 + Level 25.1 Spellcasting
 + Level 2.2 Conjurations
 + Level 1.6 Transmutations
 + Level 22.0 Earth Magic


You had 42 spell levels left.
You knew the following spells:

 Your Spells              Type           Power      Damage    Failure   Level
a - Sandblast             Erth           100%       2d20      0%          1
b - Freeze                Ice            100%       1d11      1%          1
c - Stone Arrow           Conj/Erth      100%       3d13      0%          3
d - Lee's Rapid Deconstr  Erth           49%        3d24*     0%          5
e - Petrify               Tmut/Erth      76%        N/A       1%          4
f - Iskenderun's Battles  Conj           44%        2d10      3%          5

Your spell library contained the following spells:

 Spells                   Type           Power      Damage    Failure   Level
 Passwall                 Tmut/Erth      63%        N/A       0%          2


Dungeon Overview and Level Annotations

Branches:
Dungeon (1/1)

Altars:
Ashenzari
Cheibriados
Dithmenos
Elyvilon
Fedhas
Gozag
Hepliaklqana
Kikubaaqudgha
Makhleb
Nemelex Xobeh
Okawaru
Qazlal
Ru
Sif Muna
Trog
Uskayaw
Vehumet
Wu Jian
Xom
Yredelemnul
Zin
The Shining One
Beogh
Jiyva
Lugonu


Message History

The nagaraja seems to speed up.
Unknown command.
Casting: Lee's Rapid Deconstruction (safe; 0% risk of failure)
Confirm with . or Enter, or press ? or * to list all spells.
Aiming: Lee's Rapid Deconstruction (safe; 0% risk of failure)
Press: ? - help, Dir - move target A metal wall.
The metal wall shatters!
The blast of metal fragments hits the nagaraja!!!
The nagaraja is heavily wounded.
The blast of metal fragments hits the catoblepas!!
You kill the catoblepas!
Vehumet accepts your kill.
You feel your power returning.
You feel sick. The nagaraja spits poison at you.
The splash of poison misses you.
Your Spellcasting skill increases to level 25!
Your Earth Magic skill increases to level 22!
Unknown command.
Unknown command.
Casting: Lee's Rapid Deconstruction (safe; 0% risk of failure)
Confirm with . or Enter, or press ? or * to list all spells.
Aiming: Lee's Rapid Deconstruction (safe; 0% risk of failure)
Press: ? - help, Dir - move target A metal wall.
The metal wall shatters!
Vehumet accepts your kill.
You feel your power returning.
You feel a bit more experienced.
The blast of metal fragments hits the nagaraja!!
The nagaraja is almost dead.
You feel sick. The nagaraja casts a spell at you. The poison arrow hits you!!!
You are more poisoned.
Ouch! That really hurt!
* * * LOW HITPOINT WARNING * * *
The nagaraja gestures at you while chanting.
The poison arrow hits you!!
You are more poisoned.
You die...

#..#....#..#
#..........+
#..........+
###''####''#
###''####''############
#...3..##..............
#.#†##.##..............
#.#)N'.##..############
# +)|#@##..# #).+.##..#
########## +. #.##..#
.....##..# ## #.##..#
.....##..# ..##..#
.....''..# ####†.#
.....''..##########..#
.....##......†.......#
.....##..............#


You could see a nagaraja (fast, catching breath).

Vanquished Creatures
  A nagaraja (D)
  A fire dragon (D)
  2 great orbs of eyes (D)
  A hydra (D)
  A catoblepas (D)
  A two-headed ogre (D)
  A dancing weapon (D)
  2 sun demons (D)
  A sea snake (D)
  A deep troll (D)
  A flayed ghost (D)
  An orc knight (D)
  3 phantasmal warriors (D)
  A deep elf pyromancer (D)
  A cyclops (D)
  A black mamba (D)
  A merfolk siren (D)
  2 molten gargoyles (D)
  2 cane toads (D)
  A rime drake (D)
  A demonic crawler (D)
  3 komodo dragons (D)
  A freezing wraith (D)
  A guardian mummy (D)
  A troll (D)
  A tyrant leech (D)
  4 blink frogs (D)
  A polar bear (D)
  A hornet (D)
  An air elemental (D)
  A redback (D)
  2 flying skulls (D)
  A tarantella (D)
  A water elemental (D)
  A basilisk (D)
  2 spriggans (D)
  A wyvern (D)
  A fire elemental (D)
  A warg (D)
  Edmund (D)
  A floating eye (D)
  A swamp drake (shapeshifter) (D)
  An ice beast (D)
  An orc warrior (D)
  A swamp drake (D)
  2 centaurs (D)
  2 phantoms (D)
  A kobold brigand (D)
  A bullfrog (D)
  A gnoll sergeant (D)
  A scorpion (D)
  A quasit (D)
  A gnoll shaman (D)
  2 orc priests (D)
  A jelly (D)
  An iguana (D)
  An adder (D)
  7 gnolls (D)
  6 orcs (D)
  2 bats (D)
  A giant cockroach (D)
  A quokka (D)
  A ball python skeleton (D)
  A bat simulacrum (D)
  2 kobolds (D)
  A rat (D)
95 creatures vanquished.

Notes
Turn   | Place    | Note
-------+----------+-------------------------------------------
     0 | D        | mhtbhm the Deep Elf Earth Elementalist began the quest for
                  | the Orb.
     0 | D        | Reached XP level 1. HP: 10/10 MP: 6/6
    11 | D        | Noticed a blink frog
    64 | D        | Found a bloodstained altar of Trog.
    64 | D        | Found a shimmering blue altar of Sif Muna.
    64 | D        | Found a viscous altar of Jiyva.
    64 | D        | Found a hazy altar of Hepliaklqana.
    64 | D        | Found an opulent altar of Gozag.
    65 | D        | Found a glowing golden altar of the Shining One.
    65 | D        | Found a glowing silver altar of Zin.
    65 | D        | Found a basalt altar of Yredelemnul.
    65 | D        | Found a shimmering altar of Xom.
    65 | D        | Found an ornate altar of the Wu Jian Council.
    65 | D        | Found a sacrificial altar of Ru.
    65 | D        | Found a stormy altar of Qazlal.
    65 | D        | Found an iron altar of Okawaru.
    65 | D        | Found a sparkling altar of Nemelex Xobeh.
    65 | D        | Found a burning altar of Makhleb.
    65 | D        | Found a blossoming altar of Fedhas.
    65 | D        | Found a white marble altar of Elyvilon.
    65 | D        | Found a shadowy altar of Dithmenos.
    65 | D        | Found a snail-covered altar of Cheibriados.
    67 | D        | Found a radiant altar of Vehumet.
    67 | D        | Found a corrupted altar of Lugonu.
    68 | D        | Found a hide-covered altar of Uskayaw.
    68 | D        | Found an ancient bone altar of Kikubaaqudgha.
    68 | D        | Found a broken altar of Ashenzari.
    75 | D        | Became a worshipper of Vehumet
    93 | D        | Reached XP level 2. HP: 8/15 MP: 4/8
    95 | D        | Reached skill level 4 in Spellcasting
    95 | D        | Reached skill level 5 in Earth Magic
   147 | D        | Reached * piety under Vehumet
   147 | D        | Offered knowledge of Freeze by Vehumet.
   288 | D        | Reached XP level 3. HP: 19/19 MP: 8/11
   311 | D        | Learned a level 1 spell: Freeze
   315 | D        | Learned a level 3 spell: Stone Arrow
   317 | D        | Noticed a floating eye
   317 | D        | Noticed a flying skull
   322 | D        | Reached ** piety under Vehumet
   322 | D        | Offered knowledge of Magic Dart by Vehumet.
   367 | D        | Killed a floating eye
   368 | D        | Reached skill level 7 in Spellcasting
   368 | D        | Reached XP level 4. HP: 24/24 MP: 10/15
   369 | D        | Killed a flying skull
   370 | D        | Reached skill level 5 in Dodging
   370 | D        | Reached skill level 5 in Stealth
   370 | D        | Reached skill level 9 in Spellcasting
   370 | D        | Reached skill level 10 in Earth Magic
   370 | D        | Reached XP level 5. HP: 28/28 MP: 8/18
   370 | D        | Reached XP level 6. HP: 32/32 MP: 8/20
   443 | D        | Learned a level 5 spell: Lee's Rapid Deconstruction
   448 | D        | Learned a level 4 spell: Petrify
   513 | D        | Noticed a flying skull
   515 | D        | Killed a flying skull
   515 | D        | Offered knowledge of Static Discharge by Vehumet.
   516 | D        | Reached skill level 10 in Spellcasting
   519 | D        | Reached *** piety under Vehumet
   520 | D        | Reached skill level 11 in Spellcasting
   520 | D        | Reached XP level 7. HP: 24/36 MP: 6/23
   521 | D        | Reached skill level 12 in Spellcasting
   532 | D        | Reached **** piety under Vehumet
   696 | D        | Noticed a spriggan
   697 | D        | Killed a spriggan
   697 | D        | Offered knowledge of Fulminant Prism by Vehumet.
   698 | D        | Reached skill level 13 in Spellcasting
   733 | D        | Reached ***** piety under Vehumet
   734 | D        | Reached XP level 8. HP: 41/41 MP: 19/27
   778 | D        | Reached skill level 14 in Spellcasting
   947 | D        | Offered knowledge of Iskenderun's Mystic Blast by Vehumet.
   948 | D        | Killed a blink frog
   948 | D        | Reached ****** piety under Vehumet
   949 | D        | Reached skill level 15 in Spellcasting
   949 | D        | Killed a merfolk siren
   950 | D        | Killed a blink frog
   951 | D        | Reached skill level 16 in Spellcasting
   951 | D        | Reached skill level 15 in Earth Magic
   951 | D        | Reached XP level 9. HP: 45/45 MP: 17/31
  1009 | D        | Reached skill level 17 in Spellcasting
  1167 | D        | Offered knowledge of Iron Shot by Vehumet.
  1168 | D        | Reached skill level 1 in Conjurations
  1169 | D        | Noticed a cane toad
  1171 | D        | Killed a cane toad
  1172 | D        | Noticed a phantasmal warrior
  1181 | D        | Noticed a demonic crawler
  1183 | D        | Noticed a sea snake
  1185 | D        | Killed a phantasmal warrior
  1186 | D        | Reached skill level 18 in Spellcasting
  1192 | D        | Killed a demonic crawler
  1194 | D        | Killed a sea snake
  1195 | D        | Reached XP level 10. HP: 28/51 MP: 9/34
  1200 | D        | Reached skill level 19 in Spellcasting
  1203 | D        | Noticed a black mamba
  1204 | D        | Killed a black mamba
  1205 | D        | Reached skill level 1 in Fighting
  1344 | D        | Offered knowledge of Eringya's Noxious Bog by Vehumet.
  1474 | D        | Noticed a molten gargoyle
  1502 | D        | Killed a molten gargoyle
  1549 | D        | Noticed a deep troll
  1551 | D        | Killed a deep troll
  1551 | D        | Offered knowledge of Spellforged Servitor by Vehumet.
  1552 | D        | Reached skill level 20 in Spellcasting
  1850 | D        | Noticed a molten gargoyle
  1852 | D        | Killed a molten gargoyle
  1859 | D        | Reached skill level 21 in Spellcasting
  1859 | D        | Reached XP level 11. HP: 56/56 MP: 20/38
  1865 | D        | Noticed an orc knight
  1866 | D        | Killed a deep elf pyromancer
  1868 | D        | Killed an orc knight
  1870 | D        | Noticed a two-headed ogre
  1874 | D        | Killed Edmund
  1876 | D        | Killed a two-headed ogre
  2139 | D        | Offered knowledge of Yara's Violent Unravelling by Vehumet.
  2148 | D        | Reached skill level 22 in Spellcasting
  2387 | D        | Noticed a phantasmal warrior
  2390 | D        | Killed a phantasmal warrior
  2436 | D        | Noticed a four-headed hydra
  2440 | D        | Killed a four-headed hydra
  2598 | D        | Noticed a sun demon
  2602 | D        | Killed a sun demon
  2602 | D        | Offered knowledge of Fireball by Vehumet.
  2603 | D        | Reached skill level 23 in Spellcasting
  2825 | D        | Noticed a flayed ghost
  2826 | D        | Noticed a great orb of eyes
  2827 | D        | Noticed a phantasmal warrior
  2828 | D        | Killed a flayed ghost
  2830 | D        | Killed a great orb of eyes
  2831 | D        | Killed a phantasmal warrior
  2831 | D        | Offered knowledge of Iskenderun's Battlesphere by Vehumet.
  3075 | D        | Learned a level 5 spell: Iskenderun's Battlesphere
  3118 | D        | Noticed a great orb of eyes
  3118 | D        | Noticed a nagaraja
  3118 | D        | Noticed a +1 halberd of freezing
  3119 | D        | Noticed a fire dragon
  3119 | D        | Noticed a nagaraja
  3121 | D        | Noticed a catoblepas
  3122 | D        | Killed a great orb of eyes
  3123 | D        | Reached skill level 24 in Spellcasting
  3123 | D        | Reached XP level 12. HP: 60/60 MP: 27/42
  3123 | D        | Killed a fire dragon
  3124 | D        | Killed a nagaraja
  3131 | D        | Killed a catoblepas
  3132 | D        | Reached skill level 25 in Spellcasting
  3132 | D        | Killed from afar by a nagaraja

Illustrated notes

Levels and vault maps discovered:
D:        pitsprint [storerooms_1, entrance_room_1, metal_vault_5, armoury_1,
          mini_pit_1, grid_room_1, main_hall_1, silver_pit, the_coven_2,
          the_vestibule_1, steel_vault_1, golden_pit, hallway_of_sentries,
          crystal_vault_5, iron_vault_3, final_vault]

Skill      XL: |  1  2  3  4  5  6  7  8  9 10 11 12 |
---------------+-------------------------------------+-----
Stealth        | 3 4 5 6 |  6.8
Earth Magic    | 4 6 8 10 12 13 15 17 18 21 22 | 22.0
Dodging        | 3 4 5 6 |  6.9
Spellcasting   | 4 7 9 11 13 16 18 21 24 25 | 25.1
Conjurations   | 2 |  2.2
Fighting       | 1 |  1.1
Transmutations | |  1.6

Action                   |  1- 3 |  4- 6 |  7- 9 | 10-12 || total
-------------------------+-------+-------+-------+-------++-------
Melee: Dagger            |     1 |       |       |       ||     1
 Cast: Sandblast         |    12 |     2 |     6 |     4 ||    24
       Stone Arrow       |     2 |       |     5 |     1 ||     8
       Lee's Rapid Decon |       |     4 |    24 |    69 ||    97
       Petrify           |       |       |       |     2 ||     2
  Use: Potion            |     1 |       |     4 |       ||     5
       Scroll            |       |       |     1 |       ||     1
Armor: Robe              |     2 |       |     1 |       ||     3
Dodge: Dodged            |     7 |     2 |    14 |     3 ||    26

Table legend: (Time is in decaauts)
 A = Elapsed time spent in this place.
 B = Non-inter-level travel time spent in this place.
 C = Inter-level travel time spent in this place.
 D = Time resting spent in this place.
 E = Time spent auto-exploring this place.
 F = Levels seen in this place.
 G = Mean time per level.
                   A        B        C        D        E       F      G
               +--------+--------+--------+--------+--------+-----+--------+
         Total |   3129 |   3129 |      0 |   2199 |     40 |   1 | 3129.0 |
       Dungeon |   3129 |   3129 |      0 |   2199 |     40 |   1 | 3129.0 |
               +--------+--------+--------+--------+--------+-----+--------+

Top non-repeatable levels by time:
       D: 3129 daAuts
